 Dungeon Crawl Stone Soup version 0.28.0-43-g3370ac3207 (webtiles) character file.

Game seed: 14829431747763216809

403 zeratav the Insei (level 6, -6/39 HPs)
             Began as an Octopode Transmuter on Apr 1, 2022.
             Mangled by a kobold brigand
             ... wielding a +0 short sword
              (10 damage)
             ... in a sewer.
             The game lasted 00:14:03 (4851 turns).

zeratav the Insei (Octopode Transmuter)             Turns: 4851, Time: 00:14:03

Health: -6/39      AC:  2    Str: 10    XL:     6   Next: 86%
Magic:  6/10       EV: 20    Int: 17    God:
Gold:   148        SH:  0    Dex: 17    Spells: 6/10 levels left

rFire   . . .      SeeInvis .     - Unarmed
rCold   . . .      Faith    .   (shield currently unavailable)
rNeg    . . .      Spirit   .   (helmet currently unavailable)
rPois   x          Reflect  .   (no amulet)
rElec   .          Harm     .   (no ring)
rCorr   .          Rampage  .   (no ring)
Will    .....                   (no ring)
Stlth   ++........              (no ring)
HPRegen 0.13/turn               (no ring)
MPRegen 0.12/turn               (no ring)
                                (no ring)
                                (no ring)

@: spider-form
A: venomous fangs, almost no armour, (amphibious), 8 rings, tiny, (camouflage
1), (gelatinous body 1), (nimble swimmer 1), (tentacles)
a: End Transformation


You were in a sewer.
You were a venomous arachnid creature.
You visited 1 branch of the dungeon, and saw 4 of its levels.
You also visited: Sewer.

You collected 148 gold pieces.

Inventory:

Hand Weapons
 d - a +2 dagger of protection
 i - a +0 hunting sling
Missiles
 j - 79 stones
 k - 4 javelins
 m - 2 poisoned darts
Jewellery
 l - an amulet of guardian spirit
Wands
 p - a wand of mindburst (7)
Scrolls
 b - 3 scrolls of teleportation {unknown}
 e - a scroll of amnesia {unknown}
 f - 3 scrolls of identify {unknown}
 h - a scroll of magic mapping {unknown}
 o - a scroll of immolation {unknown}
 q - a scroll of enchant armour {unknown}
 t - a scroll of noise {unknown}
 u - a scroll of fear {unknown}
Potions
 a - a potion of mutation {unknown}
 c - a potion of curing {unknown}
 g - a potion of lignification {unknown}
 n - 3 potions of haste {unknown}
 r - a potion of resistance {unknown}
 s - a potion of might {unknown}


   Skills:
 + Level 1.8 Fighting
 + Level 3.2 Dodging
 - Level 1.0 Stealth
 + Level 5.0 Unarmed Combat
 + Level 2.7 Spellcasting
 + Level 2.7 Transmutations
 * Level 3.6 Poison Magic


You had 6 spell levels left.
You knew the following spells:

 Your Spells              Type           Power      Damage    Failure   Level
a - Beastly Appendage     Tmut           22%        N/A       17%         1
b - Spider Form           Tmut/Pois      13%        N/A       32%         3

Your spell library contained the following spells:

 Spells                   Type           Power      Damage    Failure   Level
 Wereblood                Tmut           11%        N/A       22%         2
 Blink                    Tloc           4%         N/A       47%         2
 Ice Form                 Ice/Tmut       6%         N/A       87%         4
 Manifold Assault         Tloc           2%         N/A       100%        5
 Storm Form               Tmut/Air       3%         N/A       100%        7


Dungeon Overview and Level Annotations

Branches:
Dungeon (4/15)              Sewer (1/1)
 Temple: D:4-7

Altars:
Lugonu

Portals:
Abyss: D:3


Innate Abilities, Weirdness & Mutations

You are a venomous arachnid creature.
You have poisonous fangs.
You are tiny and dextrous.
Your spellcasting is less reliable in this form.
Your armour is entirely melded.
You are incapable of wielding weapons or throwing items.
You cannot wear most types of armour.
((You are amphibious.))
You can wear up to eight rings at the same time.
((Your skin changes colour to match your surroundings (Stealth+).))
((Your rubbery body absorbs attacks. (AC +1, EV +1)))
((You are camouflaged when in or above water. (Stealth+)))
((You have tentacles for arms and can constrict up to eight enemies at once.))


Message History

You closely miss the kobold brigand.
The kobold brigand is heavily wounded.
The kobold brigand misses you.
You hit the kobold brigand.
The kobold brigand looks as sick as possible!
The kobold brigand is severely wounded.
The kobold brigand misses you.
You kill the kobold brigand!
Your Unarmed Combat skill increases to level 5!
Your transformation has ended.
The kobold brigand throws a poisoned dart.
The poisoned dart hits you!
You are poisoned.
Casting: Spider Form (quite dangerous; 14% risk of failure)
Confirm with . or Enter, or press ? or * to list all spells.
The spell is quite dangerous to miscast (14% risk of failure)!
Continue anyway?
You turn into a venomous arachnid creature.
You feel sick.
You feel sick.
The kobold brigand hits you with a +0 short sword.
* * * LOW HITPOINT WARNING * * *
You hit the kobold brigand.
The kobold brigand is poisoned.
The kobold brigand is moderately wounded.
You feel sick.
The kobold brigand completely misses you.
You bite the kobold brigand!
The kobold brigand looks as sick as possible!
The kobold brigand is heavily wounded.
You feel sick.
The kobold brigand completely misses you.
You hit the kobold brigand.
The kobold brigand looks as sick as possible!
The kobold brigand is severely wounded.
You feel sick. The kobold brigand barely misses you.
You completely miss the kobold brigand.
The kobold brigand is severely wounded.
You feel sick.
You are no longer poisoned.
The kobold brigand hits you with a +0 short sword!
You die...

# #≈# #≈# #≈# #≈# #
#≈# #≈# # ##≈## ##≈##
## ##≈≈.## ##.≈≈##
≈#####≈.≈..####≈....#
≈≈≈≈≈≈≈.≈≈.≈≈≈≈...≈.#
≈#####≈...≈####.≈≈†.#
## ##≈.≈## ##s≈≈## #
##≈## ##K## #≈# #.#
#≈# #)# # ##≈## #.#
## ##.≈.## ..#
)#####..≈≈.# ≈?.
)≈≈≈≈≈≈≈..≈# .!≈.
≈#####≈.≈..# #...


You could see a kobold brigand (extremely poisoned).

Vanquished Creatures
  A black bear (D:4)
  A kobold brigand (Sewer)
  A bullfrog (D:4)
  Robin (D:3)
  5 adders
  A river rat (Sewer)
  2 worms (Sewer)
  A dart slug (D:1)
  5 orcs (D:3)
  6 bats
  7 endoplasms
  6 giant cockroaches
  14 goblins
  9 hobgoblins
  3 jackals (D:2)
  8 quokkas
  7 ball pythons
  4 frilled lizards
  14 kobolds
  5 rats
101 creatures vanquished.

Notes
Turn   | Place    | Note
-------+----------+-------------------------------------------
     0 | D:1      | zeratav the Octopode Transmuter began the quest for the
                  | Orb.
     0 | D:1      | Reached XP level 1. HP: 13/13 MP: 3/3
   318 | D:1      | Reached XP level 2. HP: 13/18 MP: 1/5
   321 | D:1      | Reached skill level 1 in Poison Magic
   695 | D:1      | Reached XP level 3. HP: 23/23 MP: 6/6
   843 | D:1      | Reached skill level 1 in Stealth
  1568 | D:2      | Reached XP level 4. HP: 18/28 MP: 5/7
  1579 | D:2      | Learned a level 3 spell: Spider Form
  2615 | D:3      | Found a large runed translucent door.
  2615 | D:3      | Found a large runed translucent door.
  2615 | D:3      | Found a corrupted altar of Lugonu.
  2634 | D:3      | Found a one-way gate to the infinite horrors of the Abyss.
  2913 | D:3      | Identified the +4 leather armour of Hopscotch {rF+ Will+}
  2983 | D:3      | Noticed Robin
  3008 | D:3      | Killed Robin
  3021 | D:3      | Reached XP level 5. HP: 4/33 MP: 6/8
  3969 | D:3      | Reached skill level 4 in Unarmed Combat
  4155 | D:4      | Noticed a black bear
  4164 | D:4      | Killed a black bear
  4325 | D:4      | Found a glowing drain.
  4332 | D:4      | Reached XP level 6. HP: 38/38 MP: 9/9
  4394 | Sewer    | Entered a sewer
  4844 | Sewer    | Reached skill level 5 in Unarmed Combat
  4851 | Sewer    | Mangled by a kobold brigand

Illustrated notes

Levels and vault maps discovered:
D:1:      dpeg_arrival_windows_large_door, layout_loops_ring
D:2:      cheibrodos_helix_gallery, layout_rooms, grunt_ministairs_11
D:3:      due_chaos_kobolds, layout_basic, uniq_robin
D:4:      layout_layer_cave, temple_doors_e, serial_shops, shop_fountains,
          gup_sewer_entry_pipe
Sewer:    sewer_co_15_rooms

Skill      XL: |  1  2  3  4  5  6 |
---------------+-------------------+-----
Poison Magic   | 1 2 3 |  3.6
Stealth        | 1 |  1.0
Unarmed Combat | 4 5 |  5.0
Dodging        | 3 |  3.2
Fighting       | |  1.8
Spellcasting   | |  2.7
Transmutations | |  2.7

Action                   |  1- 3 |  4- 6 || total
-------------------------+-------+-------++-------
Melee: Unarmed           |    74 |   132 ||   206
       Kick              |    20 |    11 ||    31
       Constrict         |    23 |    21 ||    44
       Tentacles         |    10 |    17 ||    27
       Punch             |     1 |     1 ||     2
 Cast: Beastly Appendage |    12 |     5 ||    17
       Spider Form       |       |     9 ||     9
 Stab: Sleeping          |     9 |     4 ||    13
       Distracted        |       |     1 ||     1
Armor: Skin              |     6 |    10 ||    16
Dodge: Dodged            |    35 |    85 ||   120
